Stars vs Canadiens

Created - 10 mars 2021 at 20:53

Goals
1 2 3 T
Stars 3 0 1 4
Canadiens 0 1 0 1
Shots
1 2 3 T
Stars 12 14 9 35
Canadiens 12 6 8 26

1st period

1. Stars , Reilly Smith 30 (Tom Wilson 25, John Klingberg 32) at 0:29
2. Stars , Adam Fox 10 (Nazem Kadri 24, Tyler Toffoli 20) at 3:54
3. Stars , Reilly Smith 31 (Patrice Bergeron 46, Shea Theodore 34) at 19:51

Penalties :
No Penalty

2nd period

4. Canadiens , Tyler Ennis 14 (Cam Fowler 42, Ivan Provorov 37) at 6:30

Penalties :
Valeri Nichushkin (MTL) for Hooking (Minor) at 9:18

3rd period

5. Stars , Reilly Smith 32 (Brandon Saad 10, Duncan Keith 31) at 2:15 (PP)

Penalties :
Nate Schmidt (MTL) for Roughing (Minor) at 2:07, Shea Theodore (DAL) for Hooking (Minor) at 8:50, Devon Toews (DAL) for Holding (Minor) at 15:05

Goalie Stats

Darcy Kuemper (DAL), 25 saves from 26 shots - (0,962), W, 34-20-6, 60:00 minutes
Mackenzie Blackwood (MTL), 31 saves from 35 shots - (0,886), L, 18-8-2, 60:00 minutes

Players Stats for Stars

Player Name              G  A  P  +/- PIM S  H  SB GA TA FO     MP     PP MP  PK MP  
------------------------------------------------------------------------------------
Adam Fox                 1  0  1   1  0   1  3  1  0  0  0/0    17:16   1:15   1:47 
Brandon Saad             0  1  1  -1  0   2  0  0  0  0  1/2    15:04   0:43   0:42 
Brandon Tanev            0  0  0   0  0   3  0  0  0  0  1/2     8:04   0:00   2:24 
Derick Brassard          0  0  0  -1  0   1  2  1  0  0  9/20   13:39   0:00   0:00 
Devon Toews              0  0  0   1  2   0  1  0  0  0  0/0    19:58   0:00   0:39 
Duncan Keith             0  1  1   0  0   1  1  0  0  0  0/0    23:12   0:52   1:25 
James van Riemsdyk       0  0  0   0  0   0  0  0  0  0  0/0     5:40   0:00   0:00 
John Klingberg           0  1  1   0  0   0  5  2  0  0  0/0    24:12   0:52   2:37 
Jon Marchessault         0  0  0   1  0   1  0  0  0  0  0/1    18:17   1:15   0:00 
Nazem Kadri              0  1  1   1  0   5  2  0  0  0  14/26  17:46   0:44   0:00 
Patrice Bergeron         0  1  1   2  0   5  0  1  0  0  12/26  19:48   0:40   1:34 
Reilly Smith             3  0  3   2  0   8  0  0  0  0  0/1    18:26   0:52   0:00 
Scott Mayfield           0  0  0   1  0   0  2  1  0  0  0/0    13:44   0:00   0:04 
Shea Theodore            0  1  1   1  2   1  1  1  0  0  0/0    21:36   1:15   1:24 
Teddy Blueger            0  0  0   0  0   1  0  0  0  0  5/10    8:04   0:00   2:24 
Tom Wilson               0  1  1   2  0   4  1  0  0  0  1/2    19:18   0:52   0:52 
Tyler Toffoli            0  1  1   1  0   2  1  0  0  0  0/2    18:17   1:15   0:00 
Victor Olofsson          0  0  0  -1  0   0  0  0  0  0  0/0    13:39   0:00   0:00 

Players Stats for Canadiens

Player Name              G  A  P  +/- PIM S  H  SB GA TA FO     MP     PP MP  PK MP  
------------------------------------------------------------------------------------
Artturi Lehkonen         0  0  0  -1  0   1  1  0  0  0  0/0     6:15   0:00   0:08 
Auston Matthews          0  0  0  -2  0   4  0  0  0  0  17/30  22:31   2:04   1:17 
Cam Fowler               0  1  1  -1  0   1  2  3  0  0  0/0    24:42   1:53   1:00 
Colin White              0  0  0   1  0   1  0  0  0  0  7/16   12:18   0:00   0:00 
Danny DeKeyser           0  0  0   0  0   1  0  0  0  0  0/0    15:11   0:00   0:00 
David Krejci             0  0  0   0  0   3  1  0  0  0  15/26  18:56   1:54   0:42 
Ilya Kovalchuk           0  0  0   0  0   2  1  0  0  0  0/1    18:14   1:54   0:00 
Ivan Provorov            0  1  1  -1  0   2  3  1  0  0  0/0    24:42   1:53   1:00 
Jakob Silfverberg        0  0  0   0  0   1  0  0  0  0  0/1    18:14   1:54   0:00 
Josh Morrissey           0  0  0  -1  0   1  1  0  0  0  0/0    20:07   2:05   1:07 
Justin Abdelkader        0  0  0  -1  0   0  0  0  0  0  0/0     6:07   0:00   0:00 
Nate Schmidt             0  0  0  -1  2   1  0  1  0  0  0/0    20:06   2:05   1:07 
Nick Shore               0  0  0  -1  0   0  1  0  0  0  7/12    6:07   0:00   0:00 
Patrick Kane             0  0  0  -2  0   4  3  0  0  0  1/1    22:31   2:04   1:17 
Teuvo Teravainen         0  0  0  -2  0   0  2  0  0  0  1/2    21:56   2:04   0:42 
Travis Sanheim           0  0  0   0  0   0  1  0  0  0  0/0    15:11   0:00   0:00 
Tyler Ennis              1  0  1   1  0   4  1  0  0  0  0/1    12:18   0:00   0:00 
Valeri Nichushkin        0  0  0   1  2   0  1  1  0  0  1/2    12:25   0:00   0:08 

3 Stars

1 - Reilly Smith (DAL)
2 - Adam Fox (DAL)
3 - Darcy Kuemper (DAL)

Power Play

Stars - 1 on 2 Attempt(s) - 50,00%
Canadiens - 0 on 2 Attempt(s) - 0,00%

Penalty Kill

Stars - 2 on 2 Attempt(s) - 100,00% - Score 0 goal in Penalty Kill
Canadiens - 1 on 2 Attempt(s) - 50,00% - Score 0 goal in Penalty Kill

Team Stat

Stars - Hits : 19 - Faceoff Wins : 43 - Blocked Shots : 7 - Penalty Minutes : 4
Canadiens - Hits : 18 - Faceoff Wins : 49 - Blocked Shots : 6 - Penalty Minutes : 4

Official

Referees : Tom Chmielewski and Jim Curtin
Linesman : Kelsey Mahoney and Dennis Urban

Game Notes

Reilly Smith has scored a Hat Trick!

Finance

Level 1 -- Attendance: 6196 (95,32%) -- Ticket Income 743 520 $
Level 2 -- Attendance: 5000 (100,00%) -- Ticket Income 425 000 $
Level 3 -- Attendance: 3130 (89,43%) -- Ticket Income 203 450 $
Level 4 -- Attendance: 3296 (62,34%) -- Ticket Income 65 920 $
Luxury Box -- Attendance: 951 (95,10%) -- Ticket Income 209 220 $
Game was played at the Bell Centre.
Total Attendance: 18573 (87,25%)
Total Ticket Income: 1 647 110 $
Other Income: 807 084 $
Total Income: 2 454 194 $

% Time on Ice - Stars

Lines # - Real PCT - Wanted PCT - Time Play
Normal Forward
1 - 33% - 35% - 17:34
2 - 32% - 31% - 17:02
3 - 25% - 24% - 13:39
4 - 11% - 10% - 5:40
Normal Defense
1 - 36% - 40% - 19:14
2 - 36% - 30% - 19:20
3 - 25% - 20% - 13:40
4 - 3% - 10% - 1:41
PP Forward
1 - 41% - 60% - 0:52
2 - 59% - 40% - 1:15
PP Defense
1 - 41% - 60% - 0:52
2 - 59% - 40% - 1:15
PK Forward
1 - 78% - 60% - 3:06
2 - 22% - 40% - 0:52
PK Defense
1 - 36% - 60% - 1:25
2 - 64% - 40% - 2:33
PK3 Forward
1 - 0% - 60%
2 - 0% - 40%
PK3 Defense
1 - 0% - 60%
2 - 0% - 40%
44 Forward
1 - 0% - 60%
2 - 0% - 40%
44 Defense
1 - 0% - 60%
2 - 0% - 40%
Last Minute Offensive  - 0:00
Last Minute Defensive  - 0:00
Total
Forward - 60:00
Defense - 60:00

% Time on Ice - Canadiens

Lines # - Real PCT - Wanted PCT - Time Play
Normal Forward
1 - 36% - 40% - 19:10
2 - 30% - 30% - 16:20
3 - 23% - 20% - 12:18
4 - 11% - 10% - 6:07
Normal Defense
1 - 33% - 33% - 17:51
2 - 31% - 32% - 16:55
3 - 28% - 25% - 15:11
4 - 7% - 10% - 3:58
PP Forward
1 - 52% - 60% - 2:04
2 - 48% - 40% - 1:54
PP Defense
1 - 47% - 60% - 1:53
2 - 53% - 40% - 2:05
PK Forward
1 - 67% - 60% - 1:25
2 - 33% - 40% - 0:42
PK Defense
1 - 47% - 60% - 1:00
2 - 53% - 40% - 1:07
PK3 Forward
1 - 0% - 60%
2 - 0% - 40%
PK3 Defense
1 - 0% - 60%
2 - 0% - 40%
44 Forward
1 - 0% - 60%
2 - 0% - 40%
44 Defense
1 - 0% - 60%
2 - 0% - 40%
Last Minute Offensive  - 0:00
Last Minute Defensive  - 0:00
Total
Forward - 60:00
Defense - 60:00

Play-by-Play

1st period


0:01 of 1st period - Tom Wilson wins face-off versus Auston Matthews in neutral zone.
0:29 of 1st period - Shot by Reilly Smith.
0:29 of 1st period - Goal by Reilly Smith - Stars : 1 - Canadiens : 0.
0:30 of 1st period - David Krejci wins face-off versus Nazem Kadri in neutral zone.
1:49 of 1st period - Shot by Tyler Ennis.
1:49 of 1st period - Shot Blocked by Scott Mayfield.
2:12 of 1st period - Icing by Adam Fox.
2:13 of 1st period - Derick Brassard wins face-off versus Auston Matthews in Stars zone.
2:15 of 1st period - Icing by Adam Fox.
2:16 of 1st period - Auston Matthews wins face-off versus Derick Brassard in Stars zone.
2:16 of 1st period - Ivan Provorov is hit by Scott Mayfield and loses puck.
2:25 of 1st period - Shot by Patrick Kane.
2:25 of 1st period - Shot Misses the Net.
2:27 of 1st period - Shot by Patrick Kane.
2:27 of 1st period - Stopped by Darcy Kuemper without a rebound.
2:28 of 1st period - Patrice Bergeron wins face-off versus Nick Shore in Stars zone.
2:28 of 1st period - Duncan Keith is hit by Nick Shore and loses puck.
3:03 of 1st period - Artturi Lehkonen is hit by John Klingberg and loses puck.
3:18 of 1st period - Shot by Auston Matthews.
3:18 of 1st period - Stopped by Darcy Kuemper with a rebound.
3:20 of 1st period - Shot by Teuvo Teravainen.
3:20 of 1st period - Shot Blocked by John Klingberg.
3:22 of 1st period - Shot by Patrick Kane.
3:22 of 1st period - Shot Misses the Net.
3:24 of 1st period - Shot by Teuvo Teravainen.
3:24 of 1st period - Deflect By Patrick Kane.
3:24 of 1st period - Stopped by Darcy Kuemper without a rebound.
3:25 of 1st period - David Krejci wins face-off versus Teddy Blueger in Stars zone.
3:38 of 1st period - Shot by Brandon Tanev.
3:38 of 1st period - Stopped by Mackenzie Blackwood without a rebound.
3:39 of 1st period - Nazem Kadri wins face-off versus Auston Matthews in Canadiens zone.
3:52 of 1st period - Shot by Nazem Kadri.
3:52 of 1st period - Shot Misses the Net.
3:54 of 1st period - Shot by Adam Fox.
3:54 of 1st period - Goal by Adam Fox - Stars : 2 - Canadiens : 0.
3:55 of 1st period - Teddy Blueger wins face-off versus Colin White in neutral zone.
4:00 of 1st period - Shot by James van Riemsdyk.
4:00 of 1st period - Shot Misses the Net.
4:05 of 1st period - Ivan Provorov is hit by Devon Toews and loses puck.
4:30 of 1st period - Shot by Tyler Ennis.
4:30 of 1st period - Stopped by Darcy Kuemper without a rebound.
4:31 of 1st period - Nazem Kadri wins face-off versus Auston Matthews in Stars zone.
5:35 of 1st period - Shot by Tom Wilson.
5:35 of 1st period - Stopped by Mackenzie Blackwood without a rebound.
5:36 of 1st period - Nick Shore wins face-off versus Derick Brassard in Canadiens zone.
6:01 of 1st period - Shot by Derick Brassard.
6:01 of 1st period - Stopped by Mackenzie Blackwood without a rebound.
6:02 of 1st period - Patrice Bergeron wins face-off versus David Krejci in Canadiens zone.
6:05 of 1st period - Shot by Tom Wilson.
6:05 of 1st period - Shot Misses the Net.
6:18 of 1st period - Icing by Adam Fox.
6:19 of 1st period - Auston Matthews wins face-off versus Patrice Bergeron in Stars zone.
6:22 of 1st period - Shot by Teuvo Teravainen.
6:22 of 1st period - Shot Blocked by Patrice Bergeron.
6:41 of 1st period - Shot by Reilly Smith.
6:41 of 1st period - Stopped by Mackenzie Blackwood without a rebound.
6:42 of 1st period - David Krejci wins face-off versus Tyler Toffoli in Canadiens zone.
6:48 of 1st period - Icing by Josh Morrissey.
6:49 of 1st period - Derick Brassard wins face-off versus David Krejci in Canadiens zone.
8:33 of 1st period - Shot by Reilly Smith.
8:33 of 1st period - Stopped by Mackenzie Blackwood without a rebound.
8:34 of 1st period - Colin White wins face-off versus Nazem Kadri in Canadiens zone.
8:34 of 1st period - Valeri Nichushkin is hit by Tyler Toffoli and loses puck.
9:41 of 1st period - Shot by David Krejci.
9:41 of 1st period - Stopped by Darcy Kuemper without a rebound.
9:42 of 1st period - Nick Shore wins face-off versus Patrice Bergeron in Stars zone.
9:44 of 1st period - Artturi Lehkonen is hit by John Klingberg and loses puck.
9:59 of 1st period - Shot by Ivan Provorov.
9:59 of 1st period - Shot Misses the Net.
10:02 of 1st period - Nick Shore is hit by John Klingberg and loses puck.
10:09 of 1st period - Nick Shore is hit by Duncan Keith and loses puck.
10:30 of 1st period - Reilly Smith is hit by Patrick Kane and loses puck.
10:37 of 1st period - Shot by Teuvo Teravainen.
10:37 of 1st period - Shot Misses the Net.
10:39 of 1st period - Shot by Josh Morrissey.
10:39 of 1st period - Stopped by Darcy Kuemper without a rebound.
10:40 of 1st period - David Krejci wins face-off versus Teddy Blueger in Stars zone.
11:45 of 1st period - Icing by Scott Mayfield.
11:46 of 1st period - Nazem Kadri wins face-off versus Auston Matthews in Stars zone.
11:53 of 1st period - Shot by Nazem Kadri.
11:53 of 1st period - Shot Misses the Net.
11:55 of 1st period - Shot by Tyler Toffoli.
11:55 of 1st period - Deflect By Nazem Kadri.
11:55 of 1st period - Shot Misses the Net.
11:57 of 1st period - Shot by Tyler Toffoli.
11:57 of 1st period - Stopped by Mackenzie Blackwood without a rebound.
11:58 of 1st period - Colin White wins face-off versus Patrice Bergeron in Canadiens zone.
12:13 of 1st period - Shot by Tyler Ennis.
12:13 of 1st period - Stopped by Darcy Kuemper without a rebound.
12:14 of 1st period - Derick Brassard wins face-off versus Auston Matthews in Stars zone.
12:24 of 1st period - Derick Brassard is hit by Ivan Provorov and loses puck.
12:53 of 1st period - Cam Fowler is hit by Derick Brassard and loses puck.
12:57 of 1st period - Icing by Cam Fowler.
12:58 of 1st period - Auston Matthews wins face-off versus Nazem Kadri in Canadiens zone.
13:07 of 1st period - Shot by Auston Matthews.
13:07 of 1st period - Shot Misses the Net.
13:28 of 1st period - Duncan Keith is hit by Cam Fowler and loses puck.
13:35 of 1st period - Shot by Nazem Kadri.
13:35 of 1st period - Stopped by Mackenzie Blackwood without a rebound.
13:36 of 1st period - Patrice Bergeron wins face-off versus Colin White in Canadiens zone.
13:48 of 1st period - Reilly Smith is hit by Josh Morrissey and loses puck.
13:54 of 1st period - Tyler Ennis is hit by Adam Fox and loses puck.
14:22 of 1st period - Icing by Scott Mayfield.
14:23 of 1st period - David Krejci wins face-off versus Patrice Bergeron in Stars zone.
14:40 of 1st period - Shot by Travis Sanheim.
14:40 of 1st period - Shot Misses the Net.
14:42 of 1st period - Shot by Danny DeKeyser.
14:42 of 1st period - Stopped by Darcy Kuemper without a rebound.
14:43 of 1st period - Nick Shore wins face-off versus Nazem Kadri in Stars zone.
15:04 of 1st period - Shot by Artturi Lehkonen.
15:04 of 1st period - Stopped by Darcy Kuemper without a rebound.
15:05 of 1st period - Auston Matthews wins face-off versus Derick Brassard in Stars zone.
15:20 of 1st period - Shot by Patrick Kane.
15:20 of 1st period - Shot Misses the Net.
16:22 of 1st period - Shot by David Krejci.
16:22 of 1st period - Stopped by Darcy Kuemper without a rebound.
16:23 of 1st period - Colin White wins face-off versus Patrice Bergeron in Stars zone.
16:24 of 1st period - Shot by Tyler Ennis.
16:24 of 1st period - Stopped by Darcy Kuemper without a rebound.
16:25 of 1st period - Colin White wins face-off versus Nazem Kadri in Stars zone.
16:25 of 1st period - Ivan Provorov is hit by John Klingberg and loses puck.
16:29 of 1st period - Icing by John Klingberg.
16:30 of 1st period - Nazem Kadri wins face-off versus Colin White in Stars zone.
16:32 of 1st period - John Klingberg is hit by Tyler Ennis and loses puck.
16:36 of 1st period - Off-side.
16:37 of 1st period - Auston Matthews wins face-off versus Patrice Bergeron in neutral zone.
16:47 of 1st period - Auston Matthews is hit by John Klingberg and loses puck.
16:58 of 1st period - Shot by Patrice Bergeron.
16:58 of 1st period - Stopped by Mackenzie Blackwood without a rebound.
16:59 of 1st period - Nazem Kadri wins face-off versus David Krejci in Canadiens zone.
17:06 of 1st period - Shot by Nazem Kadri.
17:06 of 1st period - Stopped by Mackenzie Blackwood without a rebound.
17:07 of 1st period - Nazem Kadri wins face-off versus Colin White in Canadiens zone.
18:36 of 1st period - Shot by Auston Matthews.
18:36 of 1st period - Stopped by Darcy Kuemper without a rebound.
18:37 of 1st period - Patrice Bergeron wins face-off versus Jakob Silfverberg in Stars zone.
18:57 of 1st period - Off-side.
18:58 of 1st period - Brandon Tanev wins face-off versus Nick Shore in neutral zone.
19:05 of 1st period - Shot by James van Riemsdyk.
19:05 of 1st period - Deflect By Teddy Blueger.
19:05 of 1st period - Shot Misses the Net.
19:22 of 1st period - Cam Fowler is hit by Scott Mayfield and loses puck.
19:32 of 1st period - James van Riemsdyk is hit by Cam Fowler and loses puck.
19:51 of 1st period - Shot by Patrice Bergeron.
19:51 of 1st period - Deflect By Reilly Smith.
19:51 of 1st period - Goal by Reilly Smith - Stars : 3 - Canadiens : 0.
19:52 of 1st period - Derick Brassard wins face-off versus Auston Matthews in neutral zone.
Goals for this period are 3 for Stars vs 0 for Canadiens.
Shots for this period are 12 for Stars vs 12 for Canadiens.

2nd period


0:01 of 2nd period - Patrice Bergeron wins face-off versus Auston Matthews in neutral zone.
1:19 of 2nd period - Shot by Nazem Kadri.
1:19 of 2nd period - Shot Blocked by Nate Schmidt.
1:21 of 2nd period - Shot by Nazem Kadri.
1:21 of 2nd period - Stopped by Mackenzie Blackwood without a rebound.
1:22 of 2nd period - David Krejci wins face-off versus Derick Brassard in Canadiens zone.
1:32 of 2nd period - Icing by Danny DeKeyser.
1:33 of 2nd period - Teddy Blueger wins face-off versus David Krejci in Canadiens zone.
1:48 of 2nd period - Shot by Teddy Blueger.
1:48 of 2nd period - Stopped by Mackenzie Blackwood without a rebound.
1:49 of 2nd period - Colin White wins face-off versus Patrice Bergeron in Canadiens zone.
2:04 of 2nd period - Shot by Patrice Bergeron.
2:04 of 2nd period - Shot Misses the Net.
2:06 of 2nd period - Shot by Tom Wilson.
2:06 of 2nd period - Shot Misses the Net.
2:08 of 2nd period - Shot by Tom Wilson.
2:08 of 2nd period - Shot Misses the Net.
2:10 of 2nd period - Shot by Shea Theodore.
2:10 of 2nd period - Stopped by Mackenzie Blackwood with a rebound.
2:12 of 2nd period - Shot by Reilly Smith.
2:12 of 2nd period - Stopped by Mackenzie Blackwood with a rebound.
2:14 of 2nd period - Shot by Patrice Bergeron.
2:14 of 2nd period - Shot Misses the Net.
2:16 of 2nd period - Shot by Tom Wilson.
2:16 of 2nd period - Shot Misses the Net.
2:18 of 2nd period - Shot by Tom Wilson.
2:18 of 2nd period - Deflect By Reilly Smith.
2:18 of 2nd period - Shot Misses the Net.
2:54 of 2nd period - Shot by Duncan Keith.
2:54 of 2nd period - Stopped by Mackenzie Blackwood without a rebound.
2:55 of 2nd period - Nazem Kadri wins face-off versus David Krejci in Canadiens zone.
3:03 of 2nd period - Nazem Kadri is hit by Travis Sanheim and loses puck.
3:33 of 2nd period - Shot by Nazem Kadri.
3:33 of 2nd period - Stopped by Mackenzie Blackwood without a rebound.
3:34 of 2nd period - Auston Matthews wins face-off versus Derick Brassard in Canadiens zone.
3:41 of 2nd period - Derick Brassard is hit by Teuvo Teravainen.
3:59 of 2nd period - Shot by Patrick Kane.
3:59 of 2nd period - Stopped by Darcy Kuemper with a rebound.
4:22 of 2nd period - Off-side.
4:23 of 2nd period - Nick Shore wins face-off versus Patrice Bergeron in neutral zone.
5:32 of 2nd period - Shot by Tyler Toffoli.
5:32 of 2nd period - Stopped by Mackenzie Blackwood with a rebound.
6:20 of 2nd period - Shot by Patrick Kane.
6:20 of 2nd period - Deflect By Auston Matthews.
6:20 of 2nd period - Stopped by Darcy Kuemper without a rebound.
6:21 of 2nd period - Colin White wins face-off versus Derick Brassard in Stars zone.
6:30 of 2nd period - Shot by Tyler Ennis.
6:30 of 2nd period - Goal by Tyler Ennis - Stars : 3 - Canadiens : 1.
6:31 of 2nd period - Teddy Blueger wins face-off versus Nick Shore in neutral zone.
6:31 of 2nd period - John Klingberg is hit by Artturi Lehkonen and loses puck.
6:39 of 2nd period - Icing by Cam Fowler.
6:40 of 2nd period - Nick Shore wins face-off versus Tom Wilson in Canadiens zone.
8:05 of 2nd period - Brandon Saad is hit by Teuvo Teravainen and loses puck.
8:27 of 2nd period - Icing by Jon Marchessault.
8:28 of 2nd period - David Krejci wins face-off versus Jon Marchessault in Stars zone.
8:28 of 2nd period - David Krejci is hit by Adam Fox.
8:42 of 2nd period - Shot by Nazem Kadri.
8:42 of 2nd period - Stopped by Mackenzie Blackwood without a rebound.
8:43 of 2nd period - Patrice Bergeron wins face-off versus Colin White in Canadiens zone.
9:14 of 2nd period - Tom Wilson is hit by Valeri Nichushkin and loses puck.
9:18 of 2nd period - Minor Penalty to Valeri Nichushkin for Hooking.
9:19 of 2nd period - Auston Matthews wins face-off versus Tyler Toffoli in Canadiens zone.
9:28 of 2nd period - Shot by Patrick Kane.
9:28 of 2nd period - Shot Misses the Net.
10:22 of 2nd period - Shot by John Klingberg.
10:22 of 2nd period - Deflect By Nazem Kadri.
10:22 of 2nd period - Shot Blocked by Ivan Provorov.
10:24 of 2nd period - Shot by John Klingberg.
10:24 of 2nd period - Shot Hit the Post.
10:53 of 2nd period - Icing by Tyler Toffoli.
10:54 of 2nd period - Patrick Kane wins face-off versus Brandon Saad in Stars zone.
11:39 of 2nd period - Shot by Brandon Tanev.
11:39 of 2nd period - Stopped by Mackenzie Blackwood without a rebound.
11:40 of 2nd period - David Krejci wins face-off versus Derick Brassard in Canadiens zone.
12:05 of 2nd period - David Krejci is hit by Adam Fox and loses puck.
12:14 of 2nd period - Shot by Ilya Kovalchuk.
12:14 of 2nd period - Stopped by Darcy Kuemper without a rebound.
12:15 of 2nd period - Colin White wins face-off versus Reilly Smith in Stars zone.
12:28 of 2nd period - Shot by Tom Wilson.
12:28 of 2nd period - Shot Misses the Net.
12:32 of 2nd period - Shot by Patrice Bergeron.
12:32 of 2nd period - Shot Blocked by Cam Fowler.
12:34 of 2nd period - Shot by Tom Wilson.
12:34 of 2nd period - Shot Hit the Post.
13:21 of 2nd period - Icing by Tom Wilson.
13:22 of 2nd period - Patrice Bergeron wins face-off versus David Krejci in Stars zone.
13:45 of 2nd period - Shot by David Krejci.
13:45 of 2nd period - Stopped by Darcy Kuemper without a rebound.
13:46 of 2nd period - Derick Brassard wins face-off versus Auston Matthews in Stars zone.
13:46 of 2nd period - Derick Brassard is hit by Patrick Kane.
14:16 of 2nd period - Shot by Patrick Kane.
14:16 of 2nd period - Shot Blocked by Derick Brassard.
14:23 of 2nd period - Icing by Scott Mayfield.
14:24 of 2nd period - Derick Brassard wins face-off versus David Krejci in Stars zone.
14:52 of 2nd period - Icing by Cam Fowler.
14:53 of 2nd period - David Krejci wins face-off versus Nazem Kadri in Canadiens zone.
14:53 of 2nd period - David Krejci is hit by Nazem Kadri.
14:59 of 2nd period - John Klingberg is hit by David Krejci and loses puck.
15:53 of 2nd period - Icing by Shea Theodore.
15:54 of 2nd period - Auston Matthews wins face-off versus Patrice Bergeron in Stars zone.
15:55 of 2nd period - Shot by Patrick Kane.
15:55 of 2nd period - Shot Blocked by Shea Theodore.
16:09 of 2nd period - Shot by Patrice Bergeron.
16:09 of 2nd period - Shot Misses the Net.
16:27 of 2nd period - Shot by Reilly Smith.
16:27 of 2nd period - Shot Misses the Net.
16:54 of 2nd period - Shot by Brandon Tanev.
16:54 of 2nd period - Stopped by Mackenzie Blackwood with a rebound.
17:17 of 2nd period - Off-side.
17:18 of 2nd period - Nazem Kadri wins face-off versus Colin White in neutral zone.
17:21 of 2nd period - Shot by Duncan Keith.
17:21 of 2nd period - Shot Misses the Net.
17:23 of 2nd period - Shot by Tyler Toffoli.
17:23 of 2nd period - Shot Misses the Net.
17:45 of 2nd period - Shot by Colin White.
17:45 of 2nd period - Stopped by Darcy Kuemper without a rebound.
17:46 of 2nd period - Nick Shore wins face-off versus Patrice Bergeron in Stars zone.
18:00 of 2nd period - Shot by Tom Wilson.
18:00 of 2nd period - Shot Blocked by Cam Fowler.
18:02 of 2nd period - Shot by Patrice Bergeron.
18:02 of 2nd period - Stopped by Mackenzie Blackwood without a rebound.
18:03 of 2nd period - David Krejci wins face-off versus Derick Brassard in Canadiens zone.
18:20 of 2nd period - Shot by Brandon Saad.
18:20 of 2nd period - Stopped by Mackenzie Blackwood without a rebound.
18:21 of 2nd period - Nazem Kadri wins face-off versus Colin White in Canadiens zone.
18:26 of 2nd period - Shot by Jon Marchessault.
18:26 of 2nd period - Stopped by Mackenzie Blackwood without a rebound.
18:27 of 2nd period - Nazem Kadri wins face-off versus David Krejci in Canadiens zone.
19:08 of 2nd period - Icing by Tyler Toffoli.
19:09 of 2nd period - Auston Matthews wins face-off versus Nazem Kadri in Stars zone.
19:14 of 2nd period - Shot by Patrick Kane.
19:14 of 2nd period - Shot Misses the Net.
19:30 of 2nd period - Shot by Tom Wilson.
19:30 of 2nd period - Stopped by Mackenzie Blackwood without a rebound.
19:31 of 2nd period - Patrice Bergeron wins face-off versus Colin White in Canadiens zone.
Goals for this period are 0 for Stars vs 1 for Canadiens.
Shots for this period are 14 for Stars vs 6 for Canadiens.

3rd period


0:01 of 3rd period - Patrice Bergeron wins face-off versus Auston Matthews in neutral zone.
0:14 of 3rd period - Shot by Tom Wilson.
0:14 of 3rd period - Shot Misses the Net.
0:16 of 3rd period - Shot by Tom Wilson.
0:16 of 3rd period - Stopped by Mackenzie Blackwood without a rebound.
0:17 of 3rd period - Nazem Kadri wins face-off versus Ilya Kovalchuk in Canadiens zone.
0:20 of 3rd period - Shot by Tyler Toffoli.
0:20 of 3rd period - Shot Blocked by Cam Fowler.
0:43 of 3rd period - Shea Theodore is hit by Ivan Provorov and loses puck.
1:25 of 3rd period - Shot by Teuvo Teravainen.
1:25 of 3rd period - Shot Hit the Post.
2:06 of 3rd period - Icing by Nate Schmidt.
2:07 of 3rd period - Derick Brassard wins face-off versus Auston Matthews in Canadiens zone.
2:07 of 3rd period - Minor Penalty to Nate Schmidt for Roughing.
2:08 of 3rd period - Brandon Saad wins face-off versus Valeri Nichushkin in Canadiens zone.
2:13 of 3rd period - Shot by Brandon Saad.
2:13 of 3rd period - Shot Misses the Net.
2:15 of 3rd period - Shot by Reilly Smith.
2:15 of 3rd period - Goal by Reilly Smith - Stars : 4 - Canadiens : 1.
2:16 of 3rd period - Derick Brassard wins face-off versus David Krejci in neutral zone.
2:56 of 3rd period - Shot by Ivan Provorov.
2:56 of 3rd period - Stopped by Darcy Kuemper without a rebound.
2:57 of 3rd period - Valeri Nichushkin wins face-off versus Patrice Bergeron in Stars zone.
3:30 of 3rd period - Shot by Patrice Bergeron.
3:30 of 3rd period - Stopped by Mackenzie Blackwood without a rebound.
3:31 of 3rd period - Teddy Blueger wins face-off versus Auston Matthews in Canadiens zone.
4:06 of 3rd period - Brandon Tanev is hit by Patrick Kane and loses puck.
4:33 of 3rd period - Shot by Ivan Provorov.
4:33 of 3rd period - Shot Misses the Net.
4:35 of 3rd period - Shot by Jakob Silfverberg.
4:35 of 3rd period - Shot Hit the Post.
4:47 of 3rd period - Shot by Ilya Kovalchuk.
4:47 of 3rd period - Stopped by Darcy Kuemper without a rebound.
4:48 of 3rd period - Patrice Bergeron wins face-off versus Tyler Ennis in Stars zone.
5:02 of 3rd period - Off-side.
5:03 of 3rd period - Nazem Kadri wins face-off versus Nick Shore in neutral zone.
5:25 of 3rd period - John Klingberg is hit by Ivan Provorov and loses puck.
5:28 of 3rd period - Shot by Nazem Kadri.
5:28 of 3rd period - Deflect By Tyler Toffoli.
5:28 of 3rd period - Shot Misses the Net.
6:01 of 3rd period - Icing by Adam Fox.
6:02 of 3rd period - Patrice Bergeron wins face-off versus Teuvo Teravainen in Stars zone.
6:07 of 3rd period - Shot by Patrice Bergeron.
6:07 of 3rd period - Shot Misses the Net.
6:19 of 3rd period - Shot by Tom Wilson.
6:19 of 3rd period - Stopped by Mackenzie Blackwood without a rebound.
6:20 of 3rd period - David Krejci wins face-off versus Derick Brassard in Canadiens zone.
6:50 of 3rd period - Shot by Jakob Silfverberg.
6:50 of 3rd period - Shot Misses the Net.
7:23 of 3rd period - Icing by Auston Matthews.
7:24 of 3rd period - Nazem Kadri wins face-off versus Auston Matthews in Canadiens zone.
7:29 of 3rd period - Shot by Tyler Toffoli.
7:29 of 3rd period - Shot Misses the Net.
7:43 of 3rd period - Shot by Auston Matthews.
7:43 of 3rd period - Stopped by Darcy Kuemper without a rebound.
7:44 of 3rd period - Patrice Bergeron wins face-off versus Colin White in Stars zone.
8:01 of 3rd period - Off-side.
8:02 of 3rd period - Auston Matthews wins face-off versus Nazem Kadri in neutral zone.
8:14 of 3rd period - Icing by Shea Theodore.
8:15 of 3rd period - David Krejci wins face-off versus Nazem Kadri in Stars zone.
8:44 of 3rd period - Jakob Silfverberg is hit by Shea Theodore and loses puck.
8:47 of 3rd period - Shot by Ivan Provorov.
8:47 of 3rd period - Shot Misses the Net.
8:50 of 3rd period - Minor Penalty to Shea Theodore for Hooking.
8:51 of 3rd period - Auston Matthews wins face-off versus Teddy Blueger in Stars zone.
10:11 of 3rd period - Shot by Ivan Provorov.
10:11 of 3rd period - Shot Misses the Net.
10:29 of 3rd period - Shot by Patrick Kane.
10:29 of 3rd period - Shot Blocked by Adam Fox.
10:57 of 3rd period - Shot by Tyler Toffoli.
10:57 of 3rd period - Shot Misses the Net.
10:59 of 3rd period - Shot by Shea Theodore.
10:59 of 3rd period - Shot Blocked by Valeri Nichushkin.
11:03 of 3rd period - Shot by Tyler Toffoli.
11:03 of 3rd period - Shot Misses the Net.
12:49 of 3rd period - Shot by Patrice Bergeron.
12:49 of 3rd period - Deflect By Reilly Smith.
12:49 of 3rd period - Stopped by Mackenzie Blackwood without a rebound.
12:50 of 3rd period - Auston Matthews wins face-off versus Nazem Kadri in Canadiens zone.
13:00 of 3rd period - Icing by Shea Theodore.
13:01 of 3rd period - David Krejci wins face-off versus Nazem Kadri in Stars zone.
13:14 of 3rd period - Shot by Jakob Silfverberg.
13:14 of 3rd period - Stopped by Darcy Kuemper without a rebound.
13:15 of 3rd period - Auston Matthews wins face-off versus Patrice Bergeron in Stars zone.
13:25 of 3rd period - Off-side.
13:26 of 3rd period - Derick Brassard wins face-off versus David Krejci in neutral zone.
14:24 of 3rd period - Icing by Josh Morrissey.
14:25 of 3rd period - Auston Matthews wins face-off versus Patrice Bergeron in Canadiens zone.
14:25 of 3rd period - Auston Matthews is hit by Tom Wilson.
14:37 of 3rd period - Shot by Patrick Kane.
14:37 of 3rd period - Stopped by Darcy Kuemper with a rebound.
14:59 of 3rd period - Shot by Reilly Smith.
14:59 of 3rd period - Stopped by Mackenzie Blackwood without a rebound.
15:00 of 3rd period - Nick Shore wins face-off versus Nazem Kadri in Canadiens zone.
15:00 of 3rd period - Nick Shore is hit by Nazem Kadri.
15:05 of 3rd period - Minor Penalty to Devon Toews for Holding.
15:06 of 3rd period - David Krejci wins face-off versus Brandon Tanev in Stars zone.
15:13 of 3rd period - Shot by Ilya Kovalchuk.
15:13 of 3rd period - Shot Misses the Net.
15:25 of 3rd period - Shot by Cam Fowler.
15:25 of 3rd period - Stopped by Darcy Kuemper without a rebound.
15:26 of 3rd period - Auston Matthews wins face-off versus Teddy Blueger in Stars zone.
15:27 of 3rd period - Shot by Nate Schmidt.
15:27 of 3rd period - Stopped by Darcy Kuemper without a rebound.
15:28 of 3rd period - Teuvo Teravainen wins face-off versus Teddy Blueger in Stars zone.
15:53 of 3rd period - Shot by Patrick Kane.
15:53 of 3rd period - Shot Blocked by John Klingberg.
15:55 of 3rd period - Shot by Ivan Provorov.
15:55 of 3rd period - Stopped by Darcy Kuemper without a rebound.
15:56 of 3rd period - Teddy Blueger wins face-off versus David Krejci in Stars zone.
15:56 of 3rd period - Teddy Blueger is hit by Ilya Kovalchuk.
17:28 of 3rd period - Shot by Tyler Toffoli.
17:28 of 3rd period - Deflect By Nazem Kadri.
17:28 of 3rd period - Shot Misses the Net.
18:01 of 3rd period - Shot by Brandon Saad.
18:01 of 3rd period - Stopped by Mackenzie Blackwood without a rebound.
18:02 of 3rd period - Auston Matthews wins face-off versus Patrice Bergeron in Canadiens zone.
18:18 of 3rd period - Shot by Patrice Bergeron.
18:18 of 3rd period - Stopped by Mackenzie Blackwood without a rebound.
18:19 of 3rd period - David Krejci wins face-off versus Derick Brassard in Canadiens zone.
18:19 of 3rd period - David Krejci is hit by Derick Brassard.
18:38 of 3rd period - Icing by Shea Theodore.
18:39 of 3rd period - Auston Matthews wins face-off versus Derick Brassard in Stars zone.
19:04 of 3rd period - Shot by Brandon Saad.
19:04 of 3rd period - Deflect By Derick Brassard.
19:04 of 3rd period - Shot Misses the Net.
19:51 of 3rd period - Shot by Patrice Bergeron.
19:51 of 3rd period - Stopped by Mackenzie Blackwood without a rebound.
19:52 of 3rd period - Nazem Kadri wins face-off versus Nick Shore in Canadiens zone.
Goals for this period are 1 for Stars vs 0 for Canadiens.
Shots for this period are 9 for Stars vs 8 for Canadiens.